 Dungeon Crawl Stone Soup version 0.32-a0-705-g60f2335 (webtiles) character file.

Game seed: 8659466352212275563

20054 Toastz the Skirmisher (level 12, -8/96 HPs)
             Began as a Human Hexslinger on Mar 14, 2024.
             Was a High Priest of Okawaru.
             Killed from afar by a rime drake (19 damage)
             ... with an icy flash freeze
             ... on level 2 of the Lair of Beasts.
             The game lasted 00:34:11 (11375 turns).

Toastz the Skirmisher (Human Hexslinger)           Turns: 11375, Time: 00:34:11

Health: -8/96      AC: 10    Str:  9    XL:     12   Next: 75%
Magic:  16/16      EV: 16    Int: 15    God:    Okawaru [*****.]
Gold:   610        SH:  0    Dex: 19    Spells: 8/13 levels left

rFire   + . .        b - +0 orcbow
rCold   . . .        (shield currently unavailable)
rNeg    . . .        v - +0 troll leather armour
rPois   .            x - +2 hat
rElec   .            (no cloak)
rCorr   .            p - +0 pair of gloves
SInv    .            (no boots)
Will    .....        n - amulet of regeneration
Stlth   +            d - +4 ring of protection
HPRegen 1.96/turn    E - ring of protection from fire
MPRegen 0.15/turn

%: no passive effects
@: no status effects
A: explore regen
a: Renounce Religion, Heroism, Finesse, Duel


You were on level 2 of the Lair of Beasts.
You worshipped Okawaru.
Okawaru was extremely pleased with you.
You visited 3 branches of the dungeon, and saw 12 of its levels.
You also visited: Ossuary.

You collected 680 gold pieces.
You spent 70 gold pieces at shops.

Inventory:

Hand Weapons
 a - a +1 sling
 b - a +0 orcbow (weapon)
Missiles
 e - 2 throwing nets
 g - 8 atropa-tipped darts
 K - a curare-tipped dart
 N - 3 darts of dispersal
Armour
 h - an orb of light
 p - a +0 pair of gloves (worn)
 v - a +0 troll leather armour (worn)
 x - a +2 hat (worn)
 y - a +0 buckler
Jewellery
 d - a +4 ring of protection (left hand)
 n - an amulet of regeneration (around neck)
 B - an amulet of guardian spirit
 E - a ring of protection from fire (right hand)
Wands
 c - a wand of iceblast (10)
 H - a wand of flame (17)
 M - a wand of mindburst (9)
Scrolls
 f - 2 scrolls of poison
 i - 4 scrolls of torment
 j - 2 scrolls of fog
 r - a scroll of fear
 s - 5 scrolls of vulnerability
 w - 2 scrolls of amnesia {unknown}
 F - a scroll of noise {unknown}
 G - a scroll of immolation
 J - a scroll of silence {unknown}
 P - a scroll of revelation {unknown}
Potions
 k - 4 potions of brilliance
 m - a potion of heal wounds
 o - a potion of lignification
 q - 4 potions of enlightenment
 t - 2 potions of invisibility {unknown}
 u - a potion of might
 z - 3 potions of mutation
 A - 4 potions of cancellation
 C - 2 potions of resistance {unknown}
 D - 4 potions of ambrosia
 I - a potion of haste {unknown}
 L - a potion of magic {unknown}
 O - 4 potions of attraction {unknown}


   Skills:
 + Level 9.6 Fighting
 * Level 13.6 Ranged Weapons
 - Level 5.0 Armour
 + Level 9.8 Dodging
 - Level 1.0 Spellcasting
 - Level 5.0 Hexes
 - Level 1.0 Fire Magic
 - Level 6.0 Invocations


You had 8 spell levels left.
You knew the following spells:

 Your Spells              Type           Power      Damage    Failure   Level
a - Jinxbite              Hex            30%        N/A       6%          2
b - Sigil of Binding      Hex            15%        N/A       12%         3

Your spell library contained the following spells:

 Spells                   Type           Power      Damage    Failure   Level
 Inner Flame              Hex/Fire       9%         N/A       28%         3
 Magic Dart               Conj           0%         1d3       32%         1
 Cause Fear               Hex            7%         N/A       38%         4
 Blink                    Tloc           0%         N/A       43%         2
 Searing Ray              Conj           0%         2d4       43%         2
 Volatile Blastmotes      Fire/Tloc      4%         2d10      61%         3
 Frozen Ramparts          Ice            0%         1d1       67%         3
 Ozocubu's Armour         Ice            0%         N/A       67%         3
 Dimensional Bullseye     Hex/Tloc       4%         N/A       75%         4
 Fulminant Prism          Conj/Alch      0%         3d5       97%         4
 Iskenderun's Mystic Bla  Conj/Tloc      0%         2d3       97%         4
 Passage of Golubria      Tloc           0%         N/A       97%         4
 Metabolic Englaciation   Hex/Ice        4%         N/A       97%         5
 Yara's Violent Unravell  Hex/Alch       4%         3d4       97%         5
 Tukima's Dance           Hex            Unusable   N/A       N/A         3
 Call Imp                 Summ           Unusable   N/A       N/A         2

Dungeon Overview and Level Annotations

Branches:
Dungeon (9/15)             Temple (1/1) D:4            Lair (2/5) D:8
  Swamp (0/4) Lair:2          Orc (0/2) D:9         Ossuary (visited)
  Snake: Lair:2-3    Spider: Lair:2-3

Altars:
Ashenzari
Cheibriados
Dithmenos
Elyvilon
Fedhas
Gozag
Hepliaklqana
Kikubaaqudgha
Makhleb
Nemelex Xobeh
Okawaru
Qazlal
Ru
Sif Muna
Trog
Uskayaw
Vehumet
Yredelemnul
The Shining One

Shops:
D:3 ?

Annotations:
D:6 2 transporters, korenl137's ghost, novice VSBr


Innate Abilities, Weirdness & Mutations

You regain HP and MP as you explore.


Message History

The killer bee stings you.
* * * LOW HITPOINT WARNING * * *
You are more poisoned.
The killer bee poisons you! The killer bee stings you.
* * * LOW HITPOINT WARNING * * *
The cane toad stings you but does no damage.
The killer bee stings you but does no damage.
The naga barely misses you. The naga constricts you.
* * * LOW HITPOINT WARNING * * *
The killer bee stings you.
* * * LOW HITPOINT WARNING * * *
You are more poisoned.
The killer bee poisons you!
You feel much better.
You feel extremely sick. The killer bee barely misses you.
The killer bee stings you.
The cane toad stings you but does no damage.
The killer bee stings you but does no damage.
The killer bee closely misses you. The naga barely misses you.
The naga constricts you.
* * * LOW HITPOINT WARNING * * *
The cane toad barely misses you.
You feel better.
The killer bee stings you but does no damage. x2
The komodo dragon hisses menacingly.
The killer bee stings you.
* * * LOW HITPOINT WARNING * * *
The naga hits you with a +0 short sword!
* * * LOW HITPOINT WARNING * * *
The naga constricts you.
* * * LOW HITPOINT WARNING * * *
The cane toad stings you.
* * * LOW HITPOINT WARNING * * *
You shoot an arrow. The arrow barely misses the naga.
Your surroundings suddenly seem different.
Something loses its grip on you.
The rime drake hisses angrily.
The rime drake breathes ice at you. The icy flash freeze hits you!!
You die...

## #### ### .#### ###..##
#.######
.#..########....@###..#P#.####
.....†.................k.....#
...†.###.####.......##..#...##
....#.#.#####.....###..#....###
....####.##.÷.....##..........#
.....##...###.....#.....#....##
....###.....'.....##...P#...##
....##....###.....##........#
....###...........###.###...#


You could see a rime drake (catching breath).

Vanquished Creatures
  An eleionoma (Lair:2)
  2 catoblepae (Lair:2)
  A two-headed ogre (D:9)
  A skyshark (Lair:2)
  Pikel (D:8)
  A cyclops (D:9)
  5 elephants (Lair:2)
  2 black mambas
  3 cane toads
  2 komodo dragons
  A troll (D:9)
  2 polar bears
  2 hornets (D:9)
  7 blink frogs
  Sigmund (D:1)
  19 yaks
  2 spriggans (Lair:1)
  3 wyverns
  4 basilisks
  7 water moccasins
  4 orc warriors
  4 black bears
  2 ogres
  7 wolves
  3 centaurs
  2 lemures (D:8)
  A phantom (D:6)
  4 kobold brigands
  2 gnoll sergeants (D:9)
  9 bullfrogs
  3 scorpions (D:6)
  4 water moccasin zombies (Ossuary)
  11 wights
  A burial acolyte (Ossuary)
  7 killer bees
  2 howler monkeys (D:5)
  2 jellies
  2 bombardier beetles
  A hound (D:6)
  4 orc priests
  A gnoll bouda (D:7)
  An iguana (D:7)
  7 orc wizards
  2 bullfrog simulacra (Ossuary)
  A crocodile zombie (Ossuary)
  2 mummies (Ossuary)
  6 adders
  16 gnolls
  6 river rats (D:6)
  A shadow imp (D:7)
  A white imp (D:7)
  3 adder zombies (Ossuary)
  3 dart slugs
  3 ribbon worms (D:3)
  33 orcs
  8 ball pythons
  8 endoplasms
  5 giant cockroaches
  12 gnoll zombies (Ossuary)
  5 hobgoblins
  10 jackals
  11 quokkas
  2 bats
  4 frilled lizards
  8 goblins
  5 jackal zombies (Ossuary)
  22 kobolds
  8 orc zombies (Ossuary)
  19 rats
355 creatures vanquished.

Vanquished Creatures (others)
  A jackal zombie (Ossuary)
1 creature vanquished.

Grand Total: 356 creatures vanquished

Notes
Turn   | Place    | Note
-------+----------+-------------------------------------------
     0 | D:1      | Toastz the Human Hexslinger began the quest for the Orb.
     0 | D:1      | Reached XP level 1. HP: 15/15 MP: 2/2
   277 | D:1      | Reached XP level 2. HP: 21/21 MP: 3/3
   420 | D:1      | Learned a level 2 spell: Jinxbite
   785 | D:2      | Noticed Sigmund
   798 | D:1      | Killed Sigmund
   799 | D:1      | Reached skill level 3 in Ranged Weapons
   799 | D:1      | Reached skill level 1 in Armour
   799 | D:1      | Reached XP level 3. HP: 14/28 MP: 2/4
   799 | D:1      | Reached XP level 4. HP: 17/34 MP: 2/5
   799 | D:1      | Reached XP level 5. HP: 19/39 MP: 2/6
   966 | D:2      | Found a basalt altar of Yredelemnul.
  1006 | D:2      | Reached skill level 4 in Ranged Weapons
  1665 | D:3      | Reached XP level 6. HP: 46/46 MP: 4/7
  1697 | D:3      | Found a hide-covered altar of Uskayaw.
  2044 | D:3      | Found an iron altar of Okawaru.
  2099 | D:3      | Found a sparkling altar of Nemelex Xobeh.
  2263 | D:3      | Became a worshipper of Warmaster Okawaru
  2467 | D:3      | Found The Oracle's Delphic Readings.
  2471 | D:3      | Bought a scroll of identify for 20 gold pieces
  2471 | D:3      | Bought a scroll of identify for 20 gold pieces
  2471 | D:3      | Bought a scroll of teleportation for 30 gold pieces
  2891 | D:4      | Found a basalt altar of Yredelemnul.
  2903 | D:4      | Reached XP level 7. HP: 50/52 MP: 8/8
  2971 | D:4      | Reached skill level 5 in Ranged Weapons
  3007 | D:4      | Found a staircase to the Ecumenical Temple.
  3076 | Temple   | Entered the Ecumenical Temple
  3339 | D:5      | Entered Level 5 of the Dungeon
  3390 | D:5      | Found a sacrificial altar of Ru.
  3765 | D:5      | Found a sand-covered staircase.
  3770 | Ossuary  | Entered an ossuary
  3927 | Ossuary  | Reached * piety under Okawaru
  3964 | Ossuary  | Reached skill level 6 in Ranged Weapons
  3964 | Ossuary  | Reached XP level 8. HP: 60/60 MP: 9/9
  4967 | D:6      | Reached skill level 7 in Ranged Weapons
  4991 | D:6      | Reached skill level 5 in Dodging
  5018 | D:6      | Reached ** piety under Okawaru
  5108 | D:6      | Reached XP level 9. HP: 67/67 MP: 4/10
  5116 | D:6      | Reached skill level 5 in Fighting
  5440 | D:6      | Found a transporter.
  5441 | D:6      | Found a transporter.
  5442 | D:6      | Noticed korenl137's ghost (novice VSBr)
  5452 | D:6      | Noticed a queen bee
  5464 | D:6      | Noticed a hornet
  5471 | D:6      | Reached skill level 5 in Armour
  5652 | D:7      | Found a glowing golden altar of the Shining One.
  5700 | D:7      | Reached skill level 8 in Ranged Weapons
  5701 | D:7      | Found an opulent altar of Gozag.
  5725 | D:7      | Found a blossoming altar of Fedhas.
  6181 | D:7      | Found a white marble altar of Elyvilon.
  6450 | D:7      | Reached skill level 1 in Invocations
  6727 | D:7      | Found a shimmering blue altar of Sif Muna.
  6738 | D:7      | Found a stormy altar of Qazlal.
  6970 | D:8      | Reached *** piety under Okawaru
  6984 | D:8      | You fall into a shaft and drop 1 floor!
  7013 | D:9      | Noticed a two-headed ogre
  7033 | D:9      | Killed a two-headed ogre
  7034 | D:9      | Reached skill level 9 in Ranged Weapons
  7034 | D:9      | Reached XP level 10. HP: 77/77 MP: 7/12
  7274 | D:8      | Found a staircase to the Lair.
  7297 | D:8      | Noticed Pikel
  7318 | D:8      | Killed Pikel
  7319 | D:8      | Reached skill level 10 in Ranged Weapons
  7963 | D:8      | Reached **** piety under Okawaru
  8188 | D:9      | Found a staircase to the Orcish Mines.
  8238 | D:9      | Noticed a cyclops
  8248 | D:9      | Killed a cyclops
  8397 | D:9      | Reached XP level 11. HP: 69/84 MP: 10/14
  8398 | D:9      | Paralysed by a hornet for 2 turns
  8404 | D:9      | Reached skill level 11 in Ranged Weapons
  8534 | D:9      | Found a shadowy altar of Dithmenos.
  9140 | Lair:1   | Entered Level 1 of the Lair of Beasts
  9158 | D:8      | Reached ***** piety under Okawaru
  9259 | D:8      | Reached skill level 5 in Invocations
  9628 | Lair:1   | Received a gift from Okawaru
  9629 | Lair:1   | Reached skill level 12 in Ranged Weapons
  9846 | Lair:1   | Found a broken altar of Ashenzari.
  9891 | Lair:1   | Learned a level 3 spell: Sigil of Binding
  9982 | Lair:1   | Reached XP level 12. HP: 78/94 MP: 16/16
 10448 | Lair:2   | Noticed a catoblepas
 10652 | Lair:2   | Killed a catoblepas
 10741 | Lair:2   | Noticed a catoblepas
 10765 | Lair:2   | Noticed a skyshark
 10768 | Lair:2   | Killed a catoblepas
 10837 | Lair:2   | Reached skill level 13 in Ranged Weapons
 11023 | Lair:2   | Found a staircase to the Swamp.
 11023 | Lair:2   | Noticed an eleionoma
 11040 | Lair:2   | Killed an eleionoma
 11199 | Lair:2   | Killed a skyshark
 11200 | Lair:2   | Reached skill level 5 in Hexes
 11375 | Lair:2   | Killed from afar by a rime drake

Illustrated notes

Levels and vault maps discovered:
D:1:      grunt_arrival_crossed_arrows, layout_basic
D:2:      layout_basic, basic_altar, minivault_26,
          hangedman_abyss_or_decor_lesser_grid,
          nicolae_concentric_dashed_squares_wild, lexackson_kobold_supper,
          uniq_sigmund
D:3:      layout_basic, mainiacjoe_overflow_six_doors_small,
          nemelex_diamond_rough_becter, old_standard_altar,
          nicolae_nh_oracle_at_delphi
D:4:      layout_basic, old_standard_altar, minmay_temple_entry_glassed_door,
          serial_bayou_lagoon_a
D:5:      layout_basic, nicolae_ru_awakened_eye, nicolae_ossuary_entry_plus
D:6:      lemuel_ratsnest, layout_loops_ring, gammafunk_ghost_hive
D:7:      layout_layer_cave, nicolae_overflow_crystal_walls,
          mainiacjoe_overflow_small_starburst, jmf_multi_god_temple,
          amethyst_overflow_temple_binary
D:8:      layout_basic, lair_entry_dummy, serial_bayou_pond_a,
          minmay_increasing_density, uniq_pikel
D:9:      layout_long_grid, lemuel_tele_altar, erik_orc_3
Temple:   hellmonk_temple_flake
Lair:1:   wad_woods_stonehenge, layout_chaotic_city, serial_bayou_pond_d,
          grunt_megastairs_2, infiniplex_staircase_pool, serial_bayou_shore_b
Lair:2:   regret_index_wax_grids, layout_regular_city,
          alex1729_swamp_entry_worm_eleionoma,
          minmay_snake_entry_guardpost_small, minivault_19, minivault_27,
          grunt_megastairs_3, lemuel_fruit_fields

Skill      XL: |  1  2  3  4  5  6  7  8  9 10 11 12 |
---------------+-------------------------------------+-----
Fighting       | 2 3 4 6 7 8 9 |  9.6
Ranged Weapons | 3 4 6 7 9 10 12 13 | 13.6
Armour         | 1 2 3 4 5 |  5.0
Dodging        | 3 4 5 6 7 8 9 |  9.8
Invocations    | 3 4 6 |  6.0
Hexes          | 5 |  5.0
Spellcasting   | |  1.0
Fire Magic     | |  1.0

Action                     |  1- 3 |  4- 6 |  7- 9 | 10-12 || total
---------------------------+-------+-------+-------+-------++-------
  Melee: Sling             |     2 |       |       |       ||     2
         Orcbow            |       |       |       |     3 ||     3
   Fire: Sling             |    47 |   192 |   460 |       ||   699
         Orcbow            |       |       |   185 |   950 ||  1135
   Cast: Jinxbite          |     1 |     6 |    10 |    11 ||    28
         Sigil of Binding  |       |       |       |     3 ||     3
 Invoke: Heroism           |       |       |     2 |    11 ||    13
         Finesse           |       |       |       |     2 ||     2
    Use: Scroll            |       |     4 |     6 |     6 ||    16
         Potion            |       |       |     1 |     4 ||     5
 Armour: Robe              |    10 |    39 |    78 |       ||   127
         Leather armour    |       |       |    94 |       ||    94
         Troll leather arm |       |       |    87 |   469 ||   556
  Dodge: Dodged            |    14 |    54 |   274 |   621 ||   963

Table legend: (Time is in decaauts)
 A = Elapsed time spent in this place.
 B = Non-inter-level travel time spent in this place.
 C = Inter-level travel time spent in this place.
 D = Time resting spent in this place.
 E = Time spent auto-exploring this place.
 F = Levels seen in this place.
 G = Mean time per level.
                   A        B        C        D        E       F      G
               +--------+--------+--------+--------+--------+-----+--------+
         Total |  11420 |  11036 |    384 |    650 |   7400 |  13 |  878.5 |
       Dungeon |   9102 |   8756 |    346 |    304 |   6447 |   9 | 1011.3 |
        Temple |      1 |      1 |      0 |      0 |      0 |   1 |    1.0 |
          Lair |   1989 |   1952 |     37 |    346 |    873 |   2 |  994.5 |
       Ossuary |    326 |    326 |      0 |      0 |     79 |   1 |  326.0 |
               +--------+--------+--------+--------+--------+-----+--------+

Top non-repeatable levels by time:
     D:7: 1291 daAuts
     D:9: 1215 daAuts
     D:8: 1183 daAuts
     D:3: 1173 daAuts
  Lair:1: 1143 daAuts
     D:6: 1099 daAuts
     D:5: 909 daAuts
     D:1: 890 daAuts
  Lair:2: 846 daAuts
     D:2: 794 daAuts
     D:4: 545 daAuts
 Ossuary: 326 daAuts
  Temple: 1 daAuts
